 Dungeon Crawl Stone Soup version 0.26-a0-665-gefeb406119 (webtiles) character file.

Game seed: 5772519409464461769

10014 lunkers the Martial Artist (level 11, 0/92 HPs)
             Began as a Pale Draconian Transmuter on Oct 15, 2020.
             Was a High Priest of Okawaru.
             Killed from afar by an electric eel (15 damage)
             ... with a bolt of electricity
             ... on level 11 of the Dungeon on Oct 16, 2020.
             The game lasted 00:25:45 (15920 turns).

lunkers the Martial Artist (DrTm)                  Turns: 15920, Time: 00:25:45

Health: 0/92       AC: 15    Str: 14    XL:     11   Next: 30%
Magic:  9/14       EV: 15    Int: 19    God:    Okawaru [*****.]
Gold:   620        SH:  5    Dex: 14    Spells: 4/14 levels left

rFire    . . .     SeeInvis .     - Unarmed
rCold    . . .     Faith    .   (shield currently unavailable)
rNeg     . . .     Spirit   .   (armour unavailable)
rPois    .         Reflect  +   d - +1 hat
rElec    .         Harm     .   A - +2 cloak
rCorr    .         Rampage  .   (gloves currently unavailable)
MR       .....                  (no boots)
Stlth    +.........             o - amulet of reflection
HPRegen  0.25/turn              q - +6 ring of intelligence
MPRegen  0.14/turn              u - +4 ring of protection

@: blade hands, very slow
A: breathe steam, unfitting armour, cold-blooded, AC +7
a: Breathe Steam, End Transformation, Heroism, Finesse, Renounce Religion


You were on level 11 of the Dungeon.
You worshipped Okawaru.
Okawaru was extremely pleased with you.
You had blades for hands.
You visited 1 branch of the dungeon, and saw 11 of its levels.

You collected 620 gold pieces.

Inventory:

Armour
 d - a +1 hat (worn)
 j - a +0 pair of gloves (melded)
 A - a +2 cloak (worn)
Jewellery
 o - an amulet of reflection (around neck)
 q - a +6 ring of intelligence (left scythe-like blade)
 r - an uncursed ring of see invisible
 u - a +4 ring of protection (right scythe-like blade)
 E - an uncursed ring of fire
 G - an uncursed amulet of the acrobat
 I - an uncursed amulet of guardian spirit {unknown}
Wands
 c - a wand of digging (3)
 k - a wand of acid (2)
 B - a wand of paralysis (13)
 F - a wand of random effects (33)
 M - a wand of iceblast (6)
Scrolls
 a - 4 scrolls of remove curse
 b - 3 scrolls of teleportation
 g - a scroll of enchant armour
 h - a scroll of magic mapping
 t - 3 scrolls of fear
 v - a scroll of immolation
 w - a scroll of amnesia
 y - 2 scrolls of fog
 K - a scroll of enchant weapon {unknown}
 L - 2 scrolls of identify
 N - 2 scrolls of blinking {unknown}
 O - 2 scrolls of acquirement {unknown}
Potions
 e - a potion of lignification
 f - 2 potions of mutation
 i - a potion of ambrosia
 l - 2 potions of invisibility
 m - 2 potions of heal wounds
 n - 2 potions of resistance
 p - 2 potions of stabbing
 s - 3 potions of flight
 x - 2 potions of haste
 z - 2 potions of magic
 C - a potion of curing
 D - a potion of berserk rage {unknown}
 H - 2 potions of cancellation {unknown}
 J - a potion of brilliance {unknown}


   Skills:
 + Level 7.0 Fighting
 + Level 5.8 Dodging
 + Level 11.7 Unarmed Combat
 - Level 2.0 Spellcasting
 - Level 10.0 Transmutations
 - Level 4.0 Invocations


You had 4 spell levels left.
You knew the following spells:

 Your Spells              Type           Power        Failure   Level
b - Wereblood             Tmut           #####...     11%         2
c - Spider Form           Tmut/Pois      ###.......   36%         3
d - Blade Hands           Tmut           #####.....   41%         5

Your spell library contained the following spells:

 Spells                   Type           Power        Failure   Level
 Beastly Appendage        Tmut           #####.       10%         1
 Animate Skeleton         Necr           #.....       58%         1
 Apportation              Tloc           #.....       58%         1
 Corona                   Hex            #......      58%         1
 Foxfire                  Conj/Fire      #...         58%         1
 Freeze                   Ice            #...         58%         1
 Summon Small Mammal      Summ           #...         58%         1
 Ice Form                 Ice/Tmut       ###.....     65%         4
 Petrify                  Tmut/Erth      ###.....     65%         4
 Confusing Touch          Hex            #.......     85%         3
 Conjure Flame            Conj/Fire      #.......     85%         3
 Frozen Ramparts          Ice            #.....       85%         3
 Gell's Gravitas          Tloc           #.........   85%         3
 Inner Flame              Hex/Fire       #.......     85%         3
 Ozocubu's Armour         Ice            #.......     85%         3
 Hailstorm                Conj/Ice       #.......     99%         4
 Sticky Flame             Conj/Fire      #.......     99%         4
 Summon Ice Beast         Ice/Summ       #.......     99%         4
 Yara's Violent Unravell  Hex/Tmut       ###.......   88%         5
 Bolt of Magma            Conj/Fire/Erth #.........   100%        5
 Fireball                 Conj/Fire      #.........   100%        5
 Iskenderun's Battlesphe  Conj           #.......     100%        5
 Metabolic Englaciation   Hex/Ice        #.........   100%        5
 Iron Shot                Conj/Erth      #.........   100%        6
 Orb of Destruction       Conj           #.........   100%        7
 Spellforged Servitor     Conj/Summ      #.........   100%        7


Dungeon Overview and Level Annotations

Branches:
Dungeon (11/15)            Temple (0/1) D:6            Lair (0/6) D:8
    Orc: D:9-12

Altars:
Elyvilon
Fedhas
Gozag
Okawaru
Qazlal
Sif Muna

Shops:
D:4 (   D:5 [   D:9 ?!*   D:10 *


Innate Abilities, Weirdness & Mutations

You can breathe blasts of scalding, opaque steam.
Your pale cyan-grey scales are hard. (AC +7)
You cannot fit into any form of body armour.
You are cold-blooded and may be slowed by cold attacks.


Message History

The bolt of electricity hits you. The bolt of electricity hits you!
The electric eel shoots out a bolt of lightning at you!
The bolt of electricity hits you!
* * * LOW HITPOINT WARNING * * *
The bolt of electricity hits you.
* * * LOW HITPOINT WARNING * * *
The electric eel shoots out a bolt of lightning at you!
The bolt of electricity misses the electric eel.
The bolt of electricity hits you!
* * * LOW HITPOINT WARNING * * *
The bolt of electricity hits you!
* * * LOW HITPOINT WARNING * * *
Unknown command.
Unknown command.
The electric eel shoots out a bolt of lightning at you!
The bolt of electricity hits you!
* * * LOW HITPOINT WARNING * * *
The electric eel shoots out a bolt of lightning at you!
The bolt of electricity hits you!
You die...

...####..##.#########≈#
...........(......# ♣≈≈#
..........#.#####.#♣≈≈≈♣
........#.#.#####..♣≈≈≈≈
.........).....#...♣≈≈≈♣♣
###....###..##.#...≈≈≈≈≈
###.....##.>##.≈...≈≈≈≈≈
........###.##♣≈≈...≈≈≈≈
........# #.#♣≈≈@...P≈≈≈
........###.#♣≈;...≈≈≈≈≈
............♣♣≈;...[P≈≈≈
.......##...♣♣♣≈≈...♣≈P≈
....#### ...♣ ♣≈P≈..≈≈≈≈
....# |.♣ ≈≈≈..≈.PP≈
..### ..♣ ≈P≈....≈≈≈ ..#
♣♣≈≈≈..≈≈≈P ..#


You could see 2 electric eels.

Vanquished Creatures
  A hydra (D:11)
  A two-headed ogre (D:11)
  A cyclops (D:11)
  Joseph (D:7)
  Maggie (D:6)
  2 trolls (D:9)
  Grinder (D:4)
  A wraith (D:10)
  Grum (D:8)
  Eustachio (D:5)
  Menkaure (D:5)
  Duvessa (D:5)
  3 orc warriors
  2 black bears
  A swamp drake (D:11)
  5 sky beasts
  2 phantoms
  4 ogres
  An ice beast (D:5)
  A necrophage (D:7)
  4 wolves (D:8)
  4 centaurs
  A big kobold (D:10)
  5 bullfrogs
  A gnoll sergeant (D:9)
  Dowan (D:5)
  5 scorpions
  9 wights
  9 killer bees
  An electric eel (D:11)
  A howler monkey (D:7)
  11 hounds
  A bullfrog zombie (D:11)
  12 orc wizards
  A jelly (D:9)
  8 orc priests
  Crazy Yiuf (D:7)
  2 bullfrog skeletons
  5 centaur skeletons
  3 iguanas
  8 worker ants
  2 hound zombies
  A howler monkey zombie (D:8)
  16 adders
  8 gnolls
  3 shadow imps
  3 white imps
  3 ufetubi
  An ooze (D:3)
  An adder zombie (D:10)
  An adder skeleton (D:9)
  2 dart slugs
  A worm (D:4)
  5 leopard geckos
  31 orcs
  7 bats
  5 giant cockroaches
  11 goblins
  3 hobgoblins
  6 jackals (D:9)
  8 quokkas
  3 ball pythons
  A ball python skeleton (D:4)
  2 frilled lizards
  15 kobolds
  2 leopard gecko zombies (D:5)
  A quokka skeleton (D:4)
  3 rats
270 creatures vanquished.

Vanquished Creatures (others)
  28 plants (D:11)
28 creatures vanquished.

Grand Total: 298 creatures vanquished

Notes
Turn   | Place    | Note
-------+----------+-------------------------------------------
     0 | D:1      | lunkers the Draconian Transmuter began the quest for the
                  | Orb.
     0 | D:1      | Reached XP level 1. HP: 16/16 MP: 3/3
   500 | D:1      | Reached XP level 2. HP: 23/23 MP: 3/5
   504 | D:1      | Learned a level 2 spell: Wereblood
  1057 | D:2      | Reached XP level 3. HP: 18/28 MP: 4/6
  1883 | D:2      | Found a blossoming altar of Fedhas.
  2099 | D:2      | Reached skill level 4 in Unarmed Combat
  2104 | D:2      | Learned a level 3 spell: Spider Form
  2431 | D:3      | Reached XP level 4. HP: 30/35 MP: 3/7
  2780 | D:3      | Reached XP level 5. HP: 15/40 MP: 3/8
  3031 | D:3      | Reached skill level 5 in Unarmed Combat
  3479 | D:4      | Found Ohaox's Weapon Emporium.
  3886 | D:4      | Reached XP level 6. HP: 47/47 MP: 5/9
  4219 | D:4      | Reached skill level 5 in Transmutations
  4240 | D:4      | Reached skill level 6 in Unarmed Combat
  4240 | D:4      | Your scales start taking on a pale cyan-grey colour.
  4240 | D:4      | Reached XP level 7. HP: 40/52 MP: 8/10
  4775 | D:4      | Noticed Grinder
  5139 | D:4      | Killed Grinder
  5334 | D:5      | Entered Level 5 of the Dungeon
  5343 | D:5      | Reached skill level 7 in Unarmed Combat
  5730 | D:5      | Noticed Menkaure
  5733 | D:5      | Reached XP level 8. HP: 51/59 MP: 5/11
  5823 | D:5      | Found an iron altar of Okawaru.
  5829 | D:5      | Killed Menkaure
  5837 | D:5      | Became a worshipper of Warmaster Okawaru
  6111 | D:5      | Noticed Duvessa
  6111 | D:5      | Noticed Dowan
  6117 | D:5      | Killed Dowan
  6125 | D:5      | Killed Duvessa
  6431 | D:5      | Found Todgher's Armour Shoppe.
  6449 | D:5      | Learned a level 5 spell: Blade Hands
  6621 | D:5      | Reached skill level 8 in Unarmed Combat
  6808 | D:5      | Found a white marble altar of Elyvilon.
  6944 | D:5      | Noticed Eustachio
  6954 | D:5      | Killed Eustachio
  6954 | D:5      | Reached * piety under Okawaru
  7281 | D:6      | Noticed Maggie
  7293 | D:6      | Killed Maggie
  7293 | D:6      | Reached skill level 9 in Unarmed Combat
  7293 | D:6      | Reached XP level 9. HP: 64/64 MP: 6/12
  7943 | D:6      | Found a staircase to the Ecumenical Temple.
  8075 | D:6      | Found a stormy altar of Qazlal.
  8307 | D:6      | Reached ** piety under Okawaru
  8550 | D:7      | Found a runed translucent door.
  8551 | D:7      | Noticed Crazy Yiuf
  8831 | D:7      | Noticed Joseph
  9385 | D:7      | Killed Joseph
  9385 | D:7      | Reached skill level 10 in Unarmed Combat
  9477 | D:7      | Reached skill level 10 in Transmutations
  9707 | D:7      | Reached skill level 1 in Invocations
 10174 | D:7      | Killed Crazy Yiuf
 10302 | D:8      | Noticed Grum
 10311 | D:8      | Killed Grum
 10311 | D:8      | Reached *** piety under Okawaru
 10311 | D:8      | Reached XP level 10. HP: 43/73 MP: 7/13
 10629 | D:8      | Found a shimmering blue altar of Sif Muna.
 10787 | D:8      | Found an opulent altar of Gozag.
 11406 | D:8      | Reached **** piety under Okawaru
 11586 | D:8      | Found a staircase to the Lair.
 12360 | D:9      | Found Wugoofobi's Distillery.
 12495 | D:9      | Found Ishe's Magic Scroll Shoppe.
 12865 | D:9      | Reached skill level 5 in Fighting
 12865 | D:9      | Reached skill level 11 in Unarmed Combat
 13199 | D:9      | Found Mile's General Store.
 13728 | D:10     | Entered Level 10 of the Dungeon
 13792 | D:10     | Found Linuqybe's General Store.
 13974 | D:10     | Reached ***** piety under Okawaru
 14726 | D:10     | Reached skill level 5 in Dodging
 14726 | D:10     | Reached XP level 11. HP: 84/89 MP: 8/14
 15129 | D:11     | Noticed a six-headed hydra
 15136 | D:11     | Killed a six-headed hydra
 15136 | D:11     | Received a gift from Okawaru
 15264 | D:11     | Noticed a two-headed ogre
 15271 | D:11     | Killed a two-headed ogre
 15920 | D:11     | Killed from afar by an electric eel

Illustrated notes

Levels and vault maps discovered:
D:1:      tarquinn_simple_flora_water_b, layout_loops_corners
D:2:      layout_basic, st_stairs_7, fedhas_altar_1
D:3:      layout_loops_corners, st_stairs_7
D:4:      layout_loops_ring, serial_shops, shop, grunt_decor_fettered,
          minmay_circle_x, uniq_grinder
D:5:      layout_loops_ring, okawaru_metal_pillars_1_2, serial_shops,
          nicolae_shop_waterfront, basic_altar, uniq_eustachio, uniq_menkaure,
          uniq_duvessa
D:6:      layout_loops_ring, nicolae_overflow_crystal_walls, temple_pool_b,
          uniq_maggie
D:7:      minmay_recursive_quarters, layout_rooms, uniq_joseph,
          uniq_crazy_yiuf_cottage
D:8:      minmay_inner_zag, layout_basic, nicolae_gozag_seed_capital,
          lemuel_crystal_altar, uniq_grum
D:9:      layout_irregular_city, serial_shops, shop, shop,
          kennysheep_little_box, chequers_serial_rivers_micro_e
D:10:     layout_stronghold, serial_shops, shop_fountains
D:11:     layout_basic, serial_bayou, serial_bayou_lagoon_a,
          serial_bayou_pond_e, serial_bayou_ford_a, serial_bayou_pond_e,
          serial_bayou_shore_a, nicolae_lava_and_water

Skill      XL: |  1  2  3  4  5  6  7  8  9 10 11 |
---------------+----------------------------------+-----
Transmutations | 3 4 5 6 8 10 | 10.0
Unarmed Combat | 4 5 6 7 9 10 11 | 11.7
Dodging        | 2 5 |  5.8
Invocations    | 2 4 |  4.0
Fighting       | 2 6 7 |  7.0
Spellcasting   | |  2.0

Action                   |  1- 3 |  4- 6 |  7- 9 | 10-12 || total
-------------------------+-------+-------+-------+-------++-------
Melee: Unarmed           |    99 |   122 |   257 |   256 ||   734
       Kick              |    12 |       |       |       ||    12
       Headbutt          |    10 |       |       |       ||    10
       Tailslap          |     6 |     5 |     5 |    23 ||    39
       Punch             |       |       |     3 |    11 ||    14
 Cast: Beastly Appendage |    18 |       |       |       ||    18
       Spider Form       |     3 |    15 |    36 |       ||    54
       Blade Hands       |       |       |    10 |    50 ||    60
Invok: Heroism           |       |       |     2 |     2 ||     4
Evoke: Wand              |       |       |     2 |     4 ||     6
  Use: Scroll            |       |       |    19 |     2 ||    21
       Potion            |       |       |       |     1 ||     1
 Stab: Sleeping          |       |     2 |     2 |       ||     4
Armor: Skin              |    42 |    26 |    29 |    88 ||   185
Dodge: Dodged            |    68 |    94 |   211 |   157 ||   530
Block: Other             |       |       |       |    16 ||    16
       Reflection        |       |       |       |     2 ||     2

Table legend: (Time is in decaauts)
 A = Elapsed time spent in this place.
 B = Non-inter-level travel time spent in this place.
 C = Inter-level travel time spent in this place.
 D = Time resting spent in this place.
 E = Time spent auto-exploring this place.
 F = Levels seen in this place.
 G = Mean time per level.
                   A        B        C        D        E       F      G
               +--------+--------+--------+--------+--------+-----+--------+
         Total |  15801 |  15386 |    415 |   1046 |  12380 |  11 | 1436.5 |
       Dungeon |  15801 |  15386 |    415 |   1046 |  12380 |  11 | 1436.5 |
               +--------+--------+--------+--------+--------+-----+--------+

Top non-repeatable levels by time:
     D:8: 1958 daAuts
     D:5: 1932 daAuts
     D:4: 1844 daAuts
     D:6: 1688 daAuts
     D:9: 1452 daAuts
    D:10: 1297 daAuts
     D:7: 1279 daAuts
     D:3: 1274 daAuts
     D:2: 1197 daAuts
     D:1: 994 daAuts
    D:11: 882 daAuts
